 Dungeon Crawl Stone Soup version 0.27.1-33-g824d729ab1 (webtiles) character file.

Game seed: 6366047417725922319

482 Sharkman1231 the Poker (level 6, -4/47 HPs)
             Began as a Demonspawn Gladiator on Dec 26, 2021.
             Slain by a hornet zombie (11 damage)
             ... on level 4 of the Dungeon.
             The game lasted 00:03:39 (3871 turns).

Sharkman1231 the Poker (Demonspawn Gladiator)       Turns: 3871, Time: 00:03:39

Health: -4/47      AC:  3    Str: 14    XL:     6   Next: 87%
Magic:  6/6        EV: 13    Int: 11    God:
Gold:   103        SH:  0    Dex: 17    Spells: 5/5 levels left

rFire    . . .     SeeInvis .   a - +0 trident
rCold    . . .     Faith    .   (no shield)
rNeg     . . .     Spirit   .   b - +0 leather armour
rPois    .         Reflect  .   (helmet restricted)
rElec    .         Harm     .   (no cloak)
rCorr    .         Rampage  .   (no gloves)
Will     .....     Clarity  +   (no boots)
Stlth    +.........             (no amulet)
HPRegen  0.15/turn              (no ring)
MPRegen  0.10/turn              (no ring)

@: mighty
A: ignite blood 1, powered by pain 1, horns 1, clarity, clever 1, subdued magic
1
a: no special abilities


You were on level 4 of the Dungeon.
You visited 1 branch of the dungeon, and saw 4 of its levels.

You collected 103 gold pieces.

Inventory:

Hand Weapons
 a - a +0 trident (weapon)
Missiles
 d - 4 throwing nets (quivered)
Armour
 b - a +0 leather armour (worn)
 c - a +0 helmet
 n - a +2 helmet
Scrolls
 e - a scroll of silence {unknown}
 g - a scroll of noise {unknown}
 h - a scroll of immolation {unknown}
 k - a scroll of blinking {unknown}
 l - a scroll of teleportation
 o - 2 scrolls of magic mapping
Potions
 f - 2 potions of curing
 i - 2 potions of brilliance
 j - a potion of degeneration {unknown}
 m - a potion of heal wounds


   Skills:
 + Level 3.6 Fighting
 * Level 5.0 Polearms
 - Level 1.7 Throwing
 + Level 2.6 Armour
 + Level 3.9 Dodging


You had 5 spell levels left.
You didn't know any spells.
Your spell library contained the following spells:

 Spells                   Type           Power      Damage    Failure   Level
 Magic Dart               Conj           0%         1d3       36%         1
 Call Imp                 Summ           0%         N/A       50%         2
 Mephitic Cloud           Conj/Pois/Air  0%         N/A       75%         3


Dungeon Overview and Level Annotations

Branches:
Dungeon (4/15)
 Temple: D:4-7

Altars:
Xom

Shops:
D:3 (   D:4 *

Annotations:
D:4 exclusion: ogre


Innate Abilities, Weirdness & Mutations

Your demonic aura sometimes causes spilled blood to erupt in flames.
You sometimes gain a little power by taking damage.
You have a pair of small horns on your head.
You possess an exceptional clarity of mind.
Your mind is acute. (Int +2)
Your spells are a little easier to cast, but a little less powerful.


Message History

The hornet zombie is moderately damaged.
The hornet zombie hits you! The hornet zombie barely misses you.
You barely miss the hornet zombie.
The hornet zombie is moderately damaged.
The hornet zombie completely misses you.
You hit the hornet zombie.
The hornet zombie is moderately damaged.
The hornet zombie hits you.
You hit the hornet zombie.
The hornet zombie is moderately damaged.
The hornet zombie closely misses you. The hornet zombie hits you.
You barely miss the hornet zombie.
The hornet zombie is moderately damaged.
The hornet zombie hits you!
* * * LOW HITPOINT WARNING * * *
You focus on the pain.
You feel very mighty all of a sudden.
You are too injured to fight recklessly!
Throw: 5 throwing nets
Press: ? - help, Q - select action Shift-Dir - straight line, f - hornet zombie
Aim: a hornet zombie (moderately damaged, 64% to hit)
You throw a throwing net.
The throwing net hits the hornet zombie.
The hornet zombie is caught in the net!
The hornet zombie is moderately damaged.
The hornet zombie struggles against the net. x2
You barely miss the hornet zombie.
The hornet zombie is moderately damaged.
The hornet zombie struggles against the net.
You hit the hornet zombie. You headbutt the hornet zombie.
The hornet zombie is heavily damaged.
The hornet zombie struggles against the net.
You puncture the hornet zombie! You headbutt the hornet zombie!
The hornet zombie is almost destroyed.
The hornet zombie struggles against the net. x2
The net rips apart, and the hornet zombie comes free!
You hit the hornet zombie.
The hornet zombie is almost destroyed.
The hornet zombie hits you!
You die...

#..Z ###.......###
#..###............
#.....####..#####
...#......##
#.#.####..# #...#
##Z## #..## #..####
#########.# ##.....
#...Z@.##.##### ##....
#......##.....###(....
#......#..###.........
#......#)####......)..
#........##...#.......
#...........####......
........###### #.#....
.........# #......
.........# ###.###


You could see a hornet zombie.

Vanquished Creatures
  Sigmund (D:2)
  A hound (D:4)
  Natasha (twice) (D:2)
  2 iguanas (D:3)
  An orc wizard (D:3)
  2 hound skeletons (D:4)
  4 gnolls
  5 adders
  3 dart slugs (D:1)
  4 orcs
  6 ball pythons
  10 bats
  10 endoplasms
  3 giant cockroaches
  3 goblins
  3 hobgoblins
  2 kobolds
  A quokka (D:1)
  3 frilled lizards
  7 rats
73 creatures vanquished.

Vanquished Creatures (others)
  4 fungi (D:3)
  4 plants (D:3)
8 creatures vanquished.

Grand Total: 81 creatures vanquished

Notes
Turn   | Place    | Note
-------+----------+-------------------------------------------
     0 | D:1      | Sharkman1231 the Demonspawn Gladiator began the quest for
                  | the Orb.
     0 | D:1      | Reached XP level 1. HP: 16/16 MP: 1/1
   229 | D:1      | Gained mutation: You sometimes gain a little power by
                  | taking damage. [demonic ancestry]
   229 | D:1      | Reached XP level 2. HP: 22/22 MP: 2/2
   240 | D:1      | Reached skill level 3 in Polearms
   750 | D:2      | Noticed Natasha
   752 | D:2      | Noticed a crimson imp
  1034 | D:2      | Noticed a crimson imp
  1049 | D:2      | Killed Natasha
  1050 | D:2      | Reached skill level 1 in Armour
  1050 | D:2      | Reached XP level 3. HP: 16/28 MP: 3/3
  1441 | D:2      | Noticed Sigmund
  1450 | D:2      | Gained mutation: Your spells are a little easier to cast,
                  | but a little less powerful. [potion of mutation]
  1450 | D:2      | Gained mutation: Your mind is acute. (Int +2) [potion of
                  | mutation]
  1450 | D:2      | Gained mutation: You possess an exceptional clarity of
                  | mind. [potion of mutation]
  1450 | D:2      | Gained mutation: You have a pair of small horns on your
                  | head. [potion of mutation]
  1461 | D:2      | Killed Sigmund
  1462 | D:2      | Reached skill level 4 in Polearms
  1462 | D:2      | Gained mutation: Your demonic aura sometimes causes spilled
                  | blood to erupt in flames. [demonic ancestry]
  1462 | D:2      | Reached XP level 4. HP: 10/35 MP: 4/4
  1462 | D:2      | Reached XP level 5. HP: 12/41 MP: 5/5
  1756 | D:2      | Noticed Natasha
  1768 | D:2      | Killed Natasha
  1928 | D:3      | Found a shimmering altar of Xom.
  2039 | D:3      | Reached XP level 6. HP: 21/47 MP: 6/6
  2930 | D:3      | Found Bamomp's Antique Weapon Emporium.
  3197 | D:3      | Found a faded altar of an unknown god.
  3464 | D:4      | Found Loneckel's Serpentskin Sales.
  3572 | D:3      | Reached skill level 5 in Polearms
  3871 | D:4      | Slain by a hornet zombie

Illustrated notes

Levels and vault maps discovered:
D:1:      dpeg_arrival_simpleton_a, layout_basic
D:2:      layout_basic, mrwooster_statue_mirror, uniq_natasha, uniq_sigmund
D:3:      layout_rooms, xom_butterflies, serial_shops, shop,
          shapermc_ecumenical_altar_hornbeckon, kennysheep_generic_room_3
D:4:      layout_rooms, guppyfry_shop_venom

Skill      XL: |  1  2  3  4  5  6 |
---------------+-------------------+-----
Polearms       | 3 4 5 |  5.0
Armour         | 1 2 |  2.6
Dodging        | 3 |  3.9
Fighting       | 3 |  3.6
Throwing       | |  1.7

Action                   |  1- 3 |  4- 6 || total
-------------------------+-------+-------++-------
Melee: Trident           |   124 |   168 ||   292
       Headbutt          |     3 |    21 ||    24
Throw: Throwing net      |     3 |     1 ||     4
  Use: Potion            |     4 |       ||     4
       Scroll            |       |     2 ||     2
 Stab: Sleeping          |       |     3 ||     3
Armor: Leather armour    |    33 |    34 ||    67
       Skin              |       |     3 ||     3
Dodge: Dodged            |    52 |    87 ||   139
